 Dungeon Crawl Stone Soup version 0.20.1-1-g8b1a95d (console) character file.

22907 hilaritas the Pandemonic (level 13, -3/103 HPs)
             Began as a Formicid Fighter on Dec 13, 2017.
             Was a High Priest of Makhleb.
             Slain by Vodalian's ghost (18 damage)
             ... on level 12 of the Dungeon.
             The game lasted 00:40:21 (12517 turns).

hilaritas the Pandemonic (Formicid Fighter)        Turns: 12517, Time: 00:40:22

Health: -3/103     AC: 22    Str: 26    XL:     13   Next: 31%
Magic:  21/21      EV: 10    Int:  8    God:    Makhleb [*****.]
Gold:   514        SH: 12    Dex: 10    Spells: 11/12 levels left

rFire    + + .     SeeInvis +   F - +0 battleaxe
rCold    + . .     Gourm    .   c - +0 shield
rNeg     . . .     Faith    +   l - +2 plate armour {rPois}
rPois    +         Spirit   .   (helmet unavailable)
rElec    .         Reflect  .   y - scarf {rC+ rF+}
rCorr    .         Harm     .   G - +0 pair of gloves
MR       +....                  (no boots)
Stlth    ..........             H - amulet of faith
Regen    0.3/turn               z - ring of protection from fire
MPRegen  0.2/turn               M - +4 ring of protection

@: no status effects
A: permanent stasis, dig shafts and tunnels, four strong arms, antennae 3
a: Dig, Shaft Self, Minor Destruction, Lesser Servant of Makhleb, Major
Destruction, Greater Servant of Makhleb, Renounce Religion


You were on level 12 of the Dungeon.
You worshipped Makhleb.
Makhleb was extremely pleased with you.
You were not hungry.

You visited 1 branch of the dungeon, and saw 15 of its levels.

You collected 818 gold pieces.
You spent 304 gold pieces at shops.

Inventory:

Hand Weapons
 w - a +2 war axe of freezing
 C - a +1 whip of electrocution
 F - a +0 battleaxe (weapon)
 P - a +0 battleaxe
Missiles
 J - 7 javelins (quivered)
Armour
 c - a +0 shield (worn)
 l - a +2 plate armour of poison resistance (worn)
 y - a scarf of resistance (worn)
 G - a +0 pair of gloves (worn)
Jewellery
 e - an uncursed ring of stealth
 j - a +3 ring of dexterity
 p - an uncursed ring of magical power
 z - a ring of protection from fire (left hand)
 H - an amulet of faith (around neck)
 M - a +4 ring of protection (right hand)
 N - the amulet of Goiczili {Reflect rC+ SH+2}
   (You found it on level 11 of the Dungeon)

   [amulet of reflection]

   It shields you and reflects attacks.
   It protects you from cold.
   It affects your SH (+2).
Wands
 b - a wand of confusion (22/48)
 s - a wand of flame (29/48)
 A - a wand of digging (14/24)
 B - a wand of clouds (2/9)
 E - a wand of iceblast (2/15)
 I - a wand of confusion (25/48)
 L - a wand of random effects (13/48)
Scrolls
 a - a scroll of enchant armour
 g - 5 scrolls of identify
 h - a scroll of magic mapping
 m - 9 scrolls of remove curse
 o - 4 scrolls of amnesia
 v - a scroll of enchant weapon
Potions
 d - 7 potions of might
 n - a potion of agility {unknown}
 q - 2 potions of mutation
 r - a potion of invisibility
 t - a potion of haste {unknown}
 R - a potion of flight {unknown}
Books
 i - a book of Cantrips

   Spells                             Type                      Level
   a - Confusing Touch                Hexes                        1
   b - Animate Skeleton               Necromancy                   1
   c - Summon Small Mammal            Summoning                    1
   d - Apportation                    Translocation                1
 O - a Young Poisoner's Handbook

   Spells                             Type                      Level
   a - Sting                          Conjuration/Poison           1
   b - Poisonous Vapours              Poison/Air                   2
   c - Mephitic Cloud                 Conjuration/Poison/Air       3
   d - Olgreb's Toxic Radiance        Poison                       4
   e - Venom Bolt                     Conjuration/Poison           5
Miscellaneous
 K - a sack of spiders
Comestibles
 f - 11 bread rations
 x - 5 meat rations


   Skills:
 - Level 10.0 Fighting
 + Level 10.5 Axes
 - Level 10.0 Armour
 - Level 7.1 Dodging
 - Level 10.0 Shields
 * Level 11.3 Invocations


You had 11 spell levels left.
You knew the following spells:

 Your Spells              Type           Power        Failure   Level  Hunger
a - Apportation           Tloc           #.....       99%         1    ##.....


Dungeon Overview and Level Annotations

Branches:
Dungeon (15/15)            Temple (0/1) D:7            Lair (0/6) D:8
    Orc (0/2) D:12         Depths (0/5) D:15
 Vaults: D:13-14

Altars:
Ashenzari
Dithmenos
Kikubaaqudgha
Makhleb
Sif Muna
Trog
Vehumet

Shops:
D:4 =   D:5 [![}*   D:8 =

Annotations:
D:12 Vodalian's ghost, journeyman MiBe


Innate Abilities, Weirdness & Mutations

You cannot be hasted, slowed, berserked, paralysed or teleported.
You can dig through walls and to a lower floor.
Your four strong arms can wield two-handed weapons with a shield.
You have a pair of large antennae on your head. (SInv)


Message History

Vodalian's ghost is severely damaged.
Vodalian's ghost hits you but does no damage.
Okay, then.
You block Vodalian's ghost's attack.
Press: ? - help, Shift-Dir - straight line, f/p - Vodalian's ghost
Aim: Vodalian's ghost (severely damaged)
You hear a mighty clap of thunder!
The bolt of lightning misses Vodalian's ghost.
You hear an angry buzzing noise. x2
Vodalian's ghost hits you but does no damage.
You closely miss Vodalian's ghost.
Vodalian's ghost is severely damaged.
Vodalian's ghost hits you!
* * * LOW HITPOINT WARNING * * *
You feel better.
You feel a little less mighty now. Vodalian's ghost hits you.
* * * LOW HITPOINT WARNING * * *
You feel better. Vodalian's ghost hits you!!
You die...

#...# #...#
#...#### #.......
.#########.......
.................
#........... ###
### ##..[........
...##
#.###.....#####..
##..##..).#....#
#..
#....@W))##[...#
#..
#####.#)#.#....#
#..
#.#..##.#.##....#
#..
#..{.#)#.##....#
#.. #.)#####....#
#.. #.{.#.#
#....# #.. #..##
.# #<...# #..
.>o. ..
#....#####.. #..
..# #...........
.# .#.
#....#######
##..#....#.....#


You could see Vodalian's ghost.

Vanquished Creatures
  Gastronok (D:11)
  The ghost of birkhead the Grappler, a journeyman TrMo (D:12)
  The ghost of p0werm0de the Pandemonic, a journeyman DDFi of Makhleb (D:12)
  2 hydras
  An ice dragon (D:15)
  A centaur warrior (D:11)
  A two-headed ogre (D:8)
  Urug (D:11)
  A wizard (D:15)
  Pikel (D:7)
  An ugly thing (D:10)
  4 cyclopes (D:11)
  A centaur zombie (D:10)
  2 gargoyles
  A freezing wraith (D:15)
  3 trolls
  6 slime creatures
  6 hippogriffs
  A shadow (D:12)
  A spriggan (D:9)
  4 yaks (D:10)
  2 wyverns
  2 hungry ghosts
  Menkaure (D:5)
  3 acid dragons
  2 hell hounds (D:8)
  3 ice beasts
  A necrophage (D:8)
  7 orc warriors
  2 sky beasts
  2 phantoms
  3 black bears
  6 ogres
  3 centaurs
  9 bullfrogs
  A gnoll sergeant (D:10)
  A wyvern skeleton (D:10)
  A water moccasin skeleton (D:6)
  3 killer bees (D:10)
  6 wights
  2 howler monkeys (D:9)
  3 vampire bats (D:3)
  6 crimson imps
  19 orc wizards
  3 bullfrog zombies
  3 jellies
  9 orc priests
  A gnoll shaman (D:7)
  6 hounds
  4 bullfrog skeletons
  A centaur skeleton (D:7)
  3 iguanas
  8 worker ants
  A hound skeleton (D:6)
  4 worker ant zombies
  15 gnolls
  A howler monkey zombie (D:11)
  13 adders
  2 howler monkey skeletons
  5 shadow imps
  2 adder zombies
  3 adder skeletons
  6 worms
  2 dart slugs
  2 leopard geckos
  57 orcs
  2 bats
  3 bat skeletons (D:3)
  2 bat zombies (D:3)
  6 giant cockroaches
  9 goblins
  7 hobgoblins
  9 jackals
  10 kobolds
  4 quokkas
  A ball python (D:1)
  7 frilled lizards
  A leopard gecko zombie (D:6)
  2 quokka skeletons
  14 rats
357 creatures vanquished.

Vanquished Creatures (collateral kills)
  A fire dragon (D:15)
  4 slime creatures
  A hungry ghost (D:14)
  A worker ant (D:12)
7 creatures vanquished.

Vanquished Creatures (others)
  4 slaves (D:7)
  2 orc wizards
  An adder (D:7)
7 creatures vanquished.

Grand Total: 371 creatures vanquished

Notes
Turn   | Place    | Note
-------+----------+-------------------------------------------
     0 | D:1      | hilaritas the Formicid Fighter began the quest for the Orb.
     0 | D:1      | Reached XP level 1. HP: 18/18 MP: 1/1
   358 | D:1      | Reached XP level 2. HP: 24/24 MP: 2/2
   706 | D:1      | Reached XP level 3. HP: 29/29 MP: 3/3
  1284 | D:2      | Reached XP level 4. HP: 32/36 MP: 4/4
  2002 | D:3      | Reached XP level 5. HP: 39/42 MP: 5/5
  2335 | D:3      | Noticed a centaur
  2343 | D:3      | Killed a centaur
  2343 | D:3      | Reached skill level 5 in Axes
  2343 | D:3      | Reached XP level 6. HP: 30/48 MP: 6/6
  2681 | D:3      | Noticed a moth of wrath
  2719 | D:3      | Found a bloodstained altar of Trog.
  2813 | D:3      | Found an ancient bone altar of Kikubaaqudgha.
  3026 | D:3      | Reached XP level 7. HP: 47/54 MP: 7/7
  3754 | D:4      | Found Oduiron's Jewellery Shop.
  3794 | D:4      | Reached skill level 5 in Shields
  3885 | D:4      | Learned a level 1 spell: Apportation
  4203 | D:4      | Reached XP level 8. HP: 61/61 MP: 8/8
  4363 | D:5      | Entered Level 5 of the Dungeon
  4382 | D:5      | Found Sutsaplib's Antique Armour Shoppe.
  4409 | D:5      | Found Qouruk's Assorted Antiques.
  4422 | D:5      | Bought a scroll labeled TYFI JEL VUUKH for 30 gold pieces
  4422 | D:5      | Bought a fizzy purple potion for 27 gold pieces
  4422 | D:5      | Bought a sedimented orange potion for 27 gold pieces
  4422 | D:5      | Bought 2 scrolls labeled VIYMAF MECHI for 60 gold pieces
  4646 | D:5      | Found Bysatuda's Distillery.
  4653 | D:5      | Bought a potion of heal wounds for 70 gold pieces
  4823 | D:5      | Noticed Menkaure
  4830 | D:5      | Killed Menkaure
  4954 | D:5      | Found Qeredghor's Armour Emporium.
  5023 | D:5      | Found Xicir's Gadget Shop.
  5098 | D:6      | Reached skill level 5 in Fighting
  5146 | D:6      | Reached XP level 9. HP: 61/68 MP: 9/9
  5168 | D:6      | Found a burning altar of Makhleb.
  5175 | D:6      | Became a worshipper of Makhleb the Destroyer
  5271 | D:6      | Reached skill level 1 in Invocations
  5544 | D:6      | Reached skill level 10 in Axes
  5600 | D:7      | Noticed Pikel
  5630 | D:7      | Noticed a hippogriff
  5630 | D:7      | Killed Pikel
  5630 | D:7      | Reached skill level 2 in Invocations
  5641 | D:7      | Killed a hippogriff
  5641 | D:7      | Reached * piety under Makhleb
  5641 | D:7      | Reached skill level 3 in Invocations
  5718 | D:7      | Noticed a hippogriff
  5730 | D:7      | Killed a hippogriff
  5730 | D:7      | Reached XP level 10. HP: 71/77 MP: 12/12
  5818 | D:7      | Reached skill level 4 in Invocations
  6148 | D:7      | Found a staircase to the Ecumenical Temple.
  6381 | D:8      | Found a staircase to the Lair.
  6544 | D:5      | Bought 3 scrolls labeled KUCUGIPNAL for 90 gold pieces
  6571 | D:6      | Reached ** piety under Makhleb
  6652 | D:8      | Found a radiant altar of Vehumet.
  6656 | D:8      | Reached skill level 5 in Invocations
  6794 | D:8      | Found Jut Doy's Jewellery Emporium.
  6821 | D:8      | Reached skill level 5 in Armour
  7033 | D:8      | Noticed a two-headed ogre
  7042 | D:8      | Killed a two-headed ogre
  7379 | D:9      | Reached skill level 10 in Shields
  7382 | D:9      | Reached skill level 6 in Invocations
  7382 | D:9      | Reached XP level 11. HP: 61/86 MP: 15/15
  7447 | D:9      | Found a deep blue altar of Sif Muna.
  7644 | D:9      | Reached skill level 1 in Dodging
  7894 | D:9      | Identified a scroll of acquirement
  7939 | D:9      | Found a shattered altar of Ashenzari.
  7960 | D:9      | Reached *** piety under Makhleb
  8444 | D:10     | Entered Level 10 of the Dungeon
  8518 | D:10     | Noticed a green ugly thing
  8536 | D:10     | Killed a green ugly thing
  9010 | D:10     | Reached skill level 7 in Invocations
  9690 | D:11     | Noticed Urug
  9704 | D:11     | Killed Urug
  9837 | D:11     | Noticed a cyclops
  9845 | D:11     | Killed a cyclops
  9967 | D:11     | Noticed a cyclops
  9993 | D:11     | Killed a cyclops
  9993 | D:11     | Reached **** piety under Makhleb
 10049 | D:11     | Noticed an eight-headed hydra
 10069 | D:11     | Killed an eight-headed hydra
 10069 | D:11     | Reached XP level 12. HP: 66/97 MP: 17/17
 10114 | D:11     | Reached skill level 10 in Fighting
 10345 | D:11     | Reached skill level 8 in Invocations
 10366 | D:11     | Noticed Gastronok
 10369 | D:11     | Noticed a centaur warrior
 10377 | D:11     | Killed a centaur warrior
 10399 | D:11     | Killed Gastronok
 10685 | D:11     | Got a scorched platinum amulet
 10686 | D:11     | Identified the amulet of Goiczili {Reflect rC+ SH+2} (You found it on level 11 of the Dungeon)
 10693 | D:11     | Reached skill level 10 in Armour
 10826 | D:11     | Reached skill level 9 in Invocations
 10874 | D:12     | Reached skill level 5 in Dodging
 11030 | D:12     | Noticed birkhead's ghost (journeyman TrMo)
 11031 | D:12     | You fall through a shaft for 3 floors!
 11031 | D:15     | Entered Level 15 of the Dungeon
 11031 | D:15     | Noticed a wizard
 11038 | D:15     | Killed a wizard
 11110 | D:15     | Noticed a fire dragon
 11111 | D:15     | Noticed an ice dragon
 11122 | D:15     | Killed a fire dragon
 11131 | D:15     | Killed an ice dragon
 11286 | D:15     | Found a staircase to the Depths.
 11337 | D:15     | Found a shadowy altar of Dithmenos.
 11463 | D:15     | Reached skill level 10 in Invocations
 11590 | D:14     | Reached XP level 13. HP: 70/103 MP: 20/20
 11836 | D:13     | Noticed a six-headed hydra
 11852 | D:13     | Killed a six-headed hydra
 12239 | D:12     | Killed birkhead's ghost
 12239 | D:12     | Reached skill level 11 in Invocations
 12444 | D:12     | Reached ***** piety under Makhleb
 12452 | D:12     | Found a staircase to the Orcish Mines.
 12452 | D:12     | Noticed p0werm0de's ghost (journeyman DDFi)
 12475 | D:12     | Killed p0werm0de's ghost
 12488 | D:12     | Noticed Vodalian's ghost (journeyman MiBe)
 12515 | D:12     | HP: 2/103 [Vodalian's ghost (12)]
 12517 | D:12     | Slain by Vodalian's ghost

Skill      XL: |  1  2  3  4  5  6  7  8  9 10 11 12 13 |
---------------+----------------------------------------+-----
Shields        | 4 5 7 10 | 10.0
Axes           | 3 4 5 6 7 9 10 | 10.5
Fighting       | 4 5 6 7 9 10 | 10.0
Invocations    | 3 6 7 10 11 | 11.3
Armour         | 4 5 8 10 | 10.0
Dodging        | 3 6 7 |  7.1

Action                   |  1- 3 |  4- 6 |  7- 9 | 10-12 | 13-15 || total
-------------------------+-------+-------+-------+-------+-------++-------
Melee: War axe           |   114 |   181 |   316 |   209 |       ||   820
       Battleaxe         |       |       |       |   494 |   149 ||   643
       Whip              |       |       |       |     9 |     7 ||    16
Invok: Lesser Servant of |       |       |       |     4 |     2 ||     6
       Major Destruction |       |       |       |       |     2 ||     2
 Abil: Dig               |       |       |       |     1 |       ||     1
Evoke: Wand              |       |       |       |     1 |       ||     1
  Use: Scroll            |       |       |    12 |     9 |       ||    21
       Potion            |       |       |     2 |     2 |     9 ||    13
  Eat: Chunk             |     1 |     6 |    10 |    21 |     1 ||    39
       Fruit             |       |       |       |     4 |       ||     4
       Royal jelly       |       |       |       |       |     2 ||     2
Armor: Scale mail        |    41 |     5 |       |       |       ||    46
       Chain mail        |       |    80 |    94 |       |       ||   174
       Plate armour      |       |       |    30 |   292 |    69 ||   391
Dodge: Dodged            |    40 |    51 |    53 |   196 |    49 ||   389
Block: Shield            |    59 |   103 |   179 |   410 |    97 ||   848
